 Dungeon Crawl Stone Soup version 0.31-a0-1499-ge0622b2318 (webtiles) character file.

Game seed: 1350103582904081003

675 bjtr the Chopper (level 7, -1/56 (72) HPs)
             Began as an Oni Reaver on Dec 30, 2023.
             Slain by a wight
             ... wielding a +0 scimitar
              (12 damage)
             ... on level 5 of the Dungeon.
             The game lasted 00:14:08 (4827 turns).

bjtr the Chopper (Oni Reaver)                       Turns: 4827, Time: 00:14:09

HP:   -1/56 (72)    AC:  4    Str: 17    XL:     7   Next: 59%
MP:   11/11         EV: 10    Int: 16    God:
Gold: 14            SH:  0    Dex:  7    Spells: 5/11 levels left

rFire   . . .        l - +0 battleaxe (elec)
rCold   . . .        (shield currently unavailable)
rNeg    . . .        b - +1 robe
rPois   .            (helmet restricted)
rElec   .            (no cloak)
rCorr   +            (gloves unavailable)
SInv    .            (boots unavailable)
Will    .....        (no amulet)
Stlth   +            h - ring of resist corrosion
HPRegen 0.29/turn    (no ring)
MPRegen 0.12/turn

%: no passive effects
@: heavily drained
A: large, unfitting armour, horns 1, tough skin 1, double potion healing,
drunken brawling
a: no special abilities


You were on level 5 of the Dungeon.
You visited 1 branch of the dungeon, and saw 5 of its levels.

You collected 242 gold pieces.
You spent 228 gold pieces at shops.

Inventory:

Hand Weapons
 a - a +0 hand axe
 f - a +0 sling
 i - a +0 war axe
 l - a +0 battleaxe of electrocution (weapon)
 o - a +0 whip of draining
 p - a +4 flail
 q - a +2 war axe
Missiles
 j - 2 poisoned darts
Armour
 b - a +1 robe (worn)
Jewellery
 h - a ring of resist corrosion (left hand)
Scrolls
 k - a scroll of revelation
Potions
 c - a potion of heal wounds
 d - a potion of berserk rage
 e - a potion of brilliance {unknown}
 g - a potion of haste {unknown}
 m - a potion of might {unknown}
 n - 2 potions of degeneration {unknown}
 s - 2 potions of curing {unknown}


   Skills:
 + Level 5.5 Fighting
 + Level 6.3 Axes
 + Level 3.8 Dodging
 + Level 2.7 Spellcasting
 + Level 3.1 Conjurations


You had 5 spell levels left.
You knew the following spells:

 Your Spells              Type           Power      Damage    Failure   Level
a - Kiss of Death         Conj/Necr      28%        2d7       10%         1
b - Momentum Strike       Conj/Tloc      14%        3d8       16%         2
c - Hailstorm             Conj/Ice       7%         3d5       30%         3

Your spell library contained the following spells:

 Spells                   Type           Power      Damage    Failure   Level
 Sting                    Conj/Alch      28%        1d4       10%         1
 Apportation              Tloc           4%         N/A       19%         1
 Necrotise                Necr           8%         1d4       19%         1
 Summon Small Mammal      Summ           8%         N/A       19%         1


Dungeon Overview and Level Annotations

Branches:
Dungeon (5/15)
 Temple: D:4-7

Altars:

Shops:
D:5 *

Portals:
Abyss: D:4

Annotations:
D:4 2 transporters, bungle's ghost, amateur GnDe


Innate Abilities, Weirdness & Mutations

You are too large for most types of armour.
You have a pair of small horns on your head.
You have tough skin. (AC +1)
You gain doubled healing and magic from potions.
Whenever you drink a healing potion, you attack all around you.


Message History

The wight is almost destroyed.
The wight hits you with a +1 long sword.
The wight hits you from afar with a +0 spear.
The wight hits you with a +1 long sword!
* * * LOW HITPOINT WARNING * * *
You feel drained.
* * * LOW HITPOINT WARNING * * *
The wight hits you from afar with a +0 spear.
* * * LOW HITPOINT WARNING * * *
You take a swig of the potion and twirl your +0 battleaxe of electrocution.
You hit the wight.
You destroy the wight!
You savour every drop.
You feel much better.
The wight hits you from afar with a +0 spear.
You hit the wight but do no damage.
The wight hits you from afar with a +0 spear.
You feel drained. The wight hits you with a +0 scimitar.
You feel drained.
You hit the wight.
The wight is moderately damaged.
The wight hits you from afar with a +0 spear.
The wight barely misses you.
You barely miss the wight.
The wight is moderately damaged.
The wight hits you from afar with a +0 spear.
The wight barely misses you. The wight closely misses you.
The wight hits you from afar with a +0 spear.
You feel drained.
You barely miss the wight. Your headbutt misses the wight.
The wight is moderately damaged.
The wight hits you from afar with a +0 spear.
You feel drained. The wight barely misses you.
You closely miss the wight.
The wight is moderately damaged.
The wight hits you from afar with a +0 spear.
The wight hits you with a +0 scimitar!
* * * LOW HITPOINT WARNING * * *
You feel drained.
* * * LOW HITPOINT WARNING * * *
The wight hits you with a +0 scimitar!
You die...

###########
#zz@..[...#
.......#######.#
#...### #.# ...
#.# # #.# #.#
#.# #.#
#####.#####


You could see 2 wights.

Vanquished Creatures
  A black bear (D:5)
  A scorpion (D:5)
  3 wights (D:5)
  A bombardier beetle (D:3)
  3 hounds (D:4)
  2 iguanas
  An orc wizard (D:3)
  8 adders
  4 ribbon worms
  3 dart slugs
  6 orcs
  6 bats
  5 endoplasms
  3 giant cockroaches
  3 goblins
  6 hobgoblins
  A quokka (D:3)
  8 ball pythons
  A frilled lizard (D:1)
  7 kobolds
  6 rats
79 creatures vanquished.

Notes
Turn   | Place    | Note
-------+----------+-------------------------------------------
     0 | D:1      | bjtr the Oni Reaver began the quest for the Orb.
     0 | D:1      | Reached XP level 1. HP: 22/22 MP: 3/3
   297 | D:1      | Found a faded altar of an unknown god.
   371 | D:1      | Reached XP level 2. HP: 29/29 MP: 5/5
   703 | D:2      | Reached XP level 3. HP: 23/27 MP: 3/6
  1175 | D:2      | HP: 1/26 [poisoned by an adder]
  1596 | D:2      | Reached XP level 4. HP: 19/35 MP: 8/8
  1743 | D:2      | Reached skill level 4 in Axes
  1887 | D:2      | Learned a level 2 spell: Momentum Strike
  1891 | D:2      | Learned a level 3 spell: Hailstorm
  2220 | D:3      | Reached XP level 5. HP: 20/47 MP: 9/9
  3100 | D:4      | Reached skill level 5 in Axes
  3100 | D:4      | Reached XP level 6. HP: 39/62 MP: 10/10
  3202 | D:4      | Noticed a toenail golem
  3252 | D:4      | Found a one-way gate to the infinite horrors of the Abyss.
  3252 | D:4      | Noticed bungle's ghost (amateur GnDe)
  3273 | D:4      | Found a transporter.
  3275 | D:4      | Found a transporter.
  3281 | D:4      | Noticed a small abomination
  4176 | D:5      | Entered Level 5 of the Dungeon
  4183 | D:5      | Noticed a black bear
  4195 | D:5      | Killed a black bear
  4250 | D:5      | Found Golagh's Assorted Antiques.
  4258 | D:5      | Bought a runed battleaxe for 228 gold pieces
  4273 | D:5      | Reached skill level 6 in Axes
  4273 | D:5      | Reached XP level 7. HP: 42/71 MP: 11/11
  4483 | D:5      | Reached skill level 5 in Fighting
  4827 | D:5      | Slain by a wight

Illustrated notes

Levels and vault maps discovered:
D:1:      eino_arrival_water_cross, layout_loops_cross,
          shapermc_ecumenical_altar_flowoftime
D:2:      layout_rooms, grunt_decor_arrowhead
D:3:      layout_basic
D:4:      layout_basic, gammafunk_ghost_abyssal_escape
D:5:      kennysheep_steamy, layout_loops_corners, serial_shops,
          nicolae_shop_trees, uniq_grinder

Skill      XL: |  1  2  3  4  5  6  7 |
---------------+----------------------+-----
Dodging        | 2 3 |  3.8
Conjurations   | 3 |  3.1
Fighting       | 3 4 5 |  5.5
Axes           | 4 5 6 |  6.3
Spellcasting   | |  2.7

Action                     |  1- 3 |  4- 6 |  7- 9 || total
---------------------------+-------+-------+-------++-------
  Melee: Hand axe          |    28 |       |       ||    28
         Headbutt          |    12 |    21 |     3 ||    36
         War axe           |    63 |   150 |       ||   213
         Punch             |       |     4 |       ||     4
         Battleaxe         |       |     6 |    28 ||    34
   Cast: Kiss of Death     |     3 |       |       ||     3
         Momentum Strike   |       |     3 |       ||     3
    Use: Potion            |     1 |     1 |     1 ||     3
         Scroll            |       |     8 |       ||     8
 Armour: Robe              |    85 |   136 |    34 ||   255
  Dodge: Dodged            |    47 |    82 |    19 ||   148

Table legend: (Time is in decaauts)
 A = Elapsed time spent in this place.
 B = Non-inter-level travel time spent in this place.
 C = Inter-level travel time spent in this place.
 D = Time resting spent in this place.
 E = Time spent auto-exploring this place.
 F = Levels seen in this place.
 G = Mean time per level.
                   A        B        C        D        E       F      G
               +--------+--------+--------+--------+--------+-----+--------+
         Total |   4904 |   4784 |    120 |    684 |   3169 |   5 |  980.8 |
       Dungeon |   4904 |   4784 |    120 |    684 |   3169 |   5 |  980.8 |
               +--------+--------+--------+--------+--------+-----+--------+

Top non-repeatable levels by time:
     D:2: 1268 daAuts
     D:3: 1160 daAuts
     D:4: 1136 daAuts
     D:1: 673 daAuts
     D:5: 665 daAuts
